Map: Caverne nascoste

Players

Barbossa

  • Race: Terran Terran

EfkaN

  • Race: Protoss Protoss

Jhyrachy

  • Race: Zerg Zerg
  • League: Silver

Trinity

  • Race: Terran Terran

Bala

  • Race: Protoss Protoss

FIRST

  • Race: Protoss Protoss

Drakmore

  • Race: Protoss Protoss

snowkitesurf

  • Race: Terran Terran

VOD

Have the link to the VOD?

Description

Time

  • Played on: March 28, 2016, 3:05 p.m.
  • Length: 23:46
Show
View Real Time Build Order
Export as new Build Order

Barbossa Terran 

Build Orders:  

Get SALT Encoding   

  12  0:01  SCV  
  13  0:25  SCV  
  14  0:31  Supply Depot  
  14  0:37  SCV  
  15  0:46  Supply Depot  
  15  0:53  SCV  
  15  0:56  Barracks  
  16  1:05  SCV  
  17  1:15  Supply Depot  
  17  1:17  SCV  
  18  1:29  SCV  
  19  1:41  SCV  
  20  1:53  SCV  
  21  1:57  Bunker, Marine  
  22  2:05  SCV  
  22  2:06  Command Center  
  23  2:17  SCV  
  24  2:25  Marine  
  24  2:29  SCV  
  26  2:39  Engineering Bay  
  26  2:41  SCV  
  26  2:43  Marine  
  28  2:47  Refinery  
  28  2:52  Refinery  
  28  2:54  SCV  
  29  3:01  Marine  
  29  3:04  Refinery  
  30  3:06  SCV  
  31  3:13  Refinery  
  31  3:18  Marine  
  32  3:25  Missile Turret  
  32  3:30  SCV  
  33  3:37  SCV  
  34  3:42  SCV  
  35  3:49  SCV  
  35  3:50  Command Center  
  35  3:54  SCV  
  37  4:01  SCV  
  38  4:06  SCV  
  38  4:09  Building Armor  
  39  4:13  SCV  
  40  4:18  SCV, Factory  
  41  4:33  Bunker  
  41  4:37  Barracks Tech Lab  
  41  4:48  Missile Turret  
  41  5:01  Missile Turret  
  41  5:07  Orbital Command  
  41  5:08  Orbital Command x2  
  41  5:11  Factory Tech Lab  
  41  5:14  Missile Turret  
  41  5:20  Marine  
  42  5:22  Missile Turret  
  42  5:38  Marine  
  42  5:40  SCV x3  
  46  5:47  Siege Tank  
  46  5:48  Missile Turret  
  46  5:49  Hi-Sec Auto Tracking  
  49  6:08  Missile Turret  
  49  6:12  SCV x3  
  52  6:24  Refinery, SCV  
  53  6:26  Refinery  
  53  6:27  Missile Turret  
  53  6:29  Siege Tank  
  56  6:38  Missile Turret  
  56  6:46  Terran Infantry Weapons Level 1  
  56  6:47  Missile Turret, Starport  
  56  6:49  Starport  
  56  7:01  Command Center  
  56  7:08  Marine  
  57  7:16  SCV  
  58  7:28  SCV  
  59  7:32  Medivac x2  
  63  7:40  SCV  
  63  7:41  Combat Shields  
  64  8:09  Viking x2  
  64  8:10  Armory  
  64  8:11  Armory  
  64  8:12  Missile Turret x4  
  68  8:15  Missile Turret  
  63  8:38  Marine  
  63  8:39  Viking x2  
  68  8:48  Missile Turret  
  68  8:49  Missile Turret  
  68  8:56  Marine  
  69  9:08  Missile Turret  
  69  9:09  Missile Turret  
  69  9:23  Missile Turret  
  69  9:37  Orbital Command  
  69  9:41  Starport Reactor  
  69  9:51  Starport Tech Lab  
  69  9:55  Neosteel Frame  
  69  10:07  Starport  
  69  10:09  Starport x2  
  64  10:49  Starport Reactor  
  64  10:50  Starport Reactor x2  
  64  11:09  Viking x2  
  64  11:10  Viking  
  70  11:13  Terran Infantry Weapons Level 2  
  70  11:15  Terran Ship Weapons Level 1, Terran Vehicle And Ship Armor Level 1  
  70  11:41  Medivac x5  
  80  11:49  High Capacity Fuel Tanks  
  80  11:59  Marine  
  81  12:08  Missile Turret  
  81  12:17  Marine  
  82  12:34  Viking x4  
  82  12:35  Viking  
  92  12:42  Marine, Viking  
  92  12:43  Viking x3  
  101  12:47  Liberator  
  100  13:13  Terran Vehicle And Ship Armor Level 2, Terran Ship Weapons Level 2  
  100  13:19  Medivac x4  
  108  13:34  Supply Depot  
  108  13:36  Supply Depot  
  108  13:56  Viking x4  
  108  13:57  Viking x4  
  108  13:58  Supply Depot  
  108  13:59  Supply Depot  
  124  14:19  Viking  
  124  14:21  Supply Depot  
  124  14:22  Supply Depot  
  126  14:26  Viking x4  
  126  14:27  Viking x3  
  140  14:43  Viking  
  142  14:46  Supply Depot  
  142  14:49  Viking  
  144  14:56  Missile Turret, Viking  
  144  14:59  Missile Turret  
  142  15:03  Missile Turret  
  124  15:15  Missile Turret  
  124  15:18  Missile Turret  
  94  15:31  Viking x2  
  94  15:32  Viking x7  
  104  15:39  Widow Mine  
  106  16:01  Viking x2  
  106  16:02  Viking x4  
  118  16:08  Widow Mine  
  104  16:36  Widow Mine  
  104  16:45  Viking  
  104  16:46  Viking x2  
  85  17:15  Viking  
  87  17:26  Widow Mine  
  89  17:54  Widow Mine  
  89  17:57  Viking x2  
  89  17:58  Viking  
  97  17:59  Orbital Command  
  96  18:23  Widow Mine  
  98  18:27  Viking x2  
  98  18:32  Cloaking Field  
  85  19:33  Medivac x3  
  89  20:03  Medivac  
  89  20:30  Orbital Command  
  89  21:24  Viking  
  89  21:25  Viking x2  
  83  21:40  Missile Turret  
  83  21:46  Missile Turret  
  83  21:54  Viking  
  83  21:55  Medivac  
  83  22:00  Refinery x2  
  87  22:03  SCV  
  87  22:05  Missile Turret  
  88  22:25  Missile Turret  
  88  22:43  Missile Turret  
  88  22:49  Missile Turret  
  57  23:42  Missile Turret  
  57  23:45  Missile Turret  
Show
View Real Time Build Order
Export as new Build Order

EfkaN Protoss 

Build Orders:  

Get SALT Encoding   

  12  0:13  Probe (Chrono Boost)  
  13  0:23  Probe (Chrono Boost)  
  13  0:26  Pylon  
  14  0:34  Probe (Chrono Boost)  
  15  1:34  Probe (Chrono Boost)  
  15  1:38  Assimilator  
  16  1:42  Forge  
  16  1:45  Probe (Chrono Boost)  
  16  1:46  Pylon  
  17  1:48  Assimilator  
  17  1:54  Pylon  
  17  1:55  Probe (Chrono Boost)  
  17  1:59  Gateway  
  18  2:06  Probe (Chrono Boost)  
  19  2:17  Probe (Chrono Boost)  
  19  2:21  Photon Cannon  
  20  2:24  Photon Cannon  
  20  2:27  Probe (Chrono Boost)  
  20  2:28  Photon Cannon  
  21  2:38  Probe (Chrono Boost)  
  22  2:47  Cybernetics Core  
  22  2:48  Probe (Chrono Boost)  
  23  2:59  Protoss Ground Weapons Level 1  
  23  3:13  Nexus  
  23  3:17  Pylon  
  23  3:23  Warp Gate (Chrono Boost)  
  23  3:36  Gateway  
  23  3:42  Gateway  
  23  3:43  Gateway  
  23  3:47  Pylon  
  23  4:06  Photon Cannon  
  23  4:14  Gateway  
  23  4:16  Gateway  
  23  4:23  Probe  
  24  4:34  Probe  
  25  4:45  Probe  
  26  4:55  Probe  
  26  4:59  Photon Cannon  
  27  5:06  Probe  
  27  5:07  Protoss Ground Armor Level 1 (Chrono Boost)  
  28  5:16  Probe  
  28  5:19  Twilight Council  
  29  5:23  Pylon  
  29  5:27  Probe  
  29  5:30  Pylon  
  30  5:37  Probe, Pylon  
  31  5:44  Assimilator  
  31  5:47  Assimilator  
  31  5:48  Probe, Pylon  
  32  5:52  Probe  
  33  5:58  Probe  
  33  6:00  Blink (Chrono Boost)  
  34  6:04  Probe  
  34  6:09  Probe  
  36  6:16  Probe  
  37  6:19  Probe  
  38  6:30  Probe  
  38  6:32  Protoss Ground Weapons Level 2 (Chrono Boost)  
  39  6:33  Stalker  
  39  6:34  Stalker x2  
  39  6:35  Stalker x3  
  51  6:40  Probe  
  52  6:52  Probe  
  53  7:04  Probe  
  53  7:06  Robotics Facility  
  54  7:12  Stalker x3  
  54  7:13  Stalker x2  
  64  7:16  Probe  
  64  7:19  Stalker  
  67  7:43  Stalker x6  
  79  7:55  Observer (Chrono Boost)  
  80  8:07  Stalker x3  
  80  8:08  Stalker x2  
  80  8:09  Stalker  
  92  8:14  Observer (Chrono Boost)  
  91  8:30  Stalker x2  
  91  8:31  Stalker x2  
  67  9:07  Observer (Chrono Boost)  
  67  9:09  Stalker x3  
  74  9:10  Stalker x3  
  76  9:25  Observer (Chrono Boost)  
  77  9:35  Stalker x4  
  77  9:36  Stalker x2  
  45  10:11  Nexus  
  44  10:16  Pylon  
  44  10:49  Stalker x4  
  52  10:50  Stalker x2  
  52  10:55  Observer (Chrono Boost)  
  57  11:17  Stalker x3  
  57  11:18  Stalker x3  
  69  11:48  Stalker x4  
  69  11:50  Stalker x2  
  69  11:52  Protoss Ground Armor Level 2  
  81  12:01  Pylon  
  81  12:04  Pylon  
  81  12:09  Pylon  
  81  12:23  Stalker x4  
  81  12:24  Stalker  
  81  12:25  Stalker  
  93  13:06  Observer (Chrono Boost)  
  93  13:12  Stalker x6  
  102  13:18  Assimilator  
  106  13:22  Assimilator  
  106  13:25  Observer (Chrono Boost)  
  106  13:27  Probe  
  108  13:37  Probe  
  109  13:43  Observer (Chrono Boost)  
  109  13:46  Stalker x5  
  109  13:47  Stalker  
  109  13:48  Probe  
  49  14:28  Stalker x5  
  49  14:29  Stalker  
  61  14:52  Stalker x2  
  65  14:53  Stalker x4  
  49  15:40  Stalker x6  
  61  15:52  Gateway  
  61  15:55  Gateway  
  61  15:57  Cybernetics Core  
  61  16:14  Stalker x2  
  61  16:15  Stalker x4  
  69  16:39  Stalker x4  
  77  16:40  Stalker x2  
  81  16:52  Observer (Chrono Boost)  
  82  17:01  Stalker  
  82  17:02  Stalker x4  
  82  17:03  Stalker x2  
  96  17:11  Observer (Chrono Boost)  
  83  18:17  Stalker x3  
  83  18:18  Stalker x3  
  78  19:27  Nexus  
  38  20:27  Stalker x4  
  38  20:28  Stalker x2  
  50  20:34  Observer (Chrono Boost)  
  51  20:38  Pylon  
  51  20:42  Pylon  
  51  20:45  Pylon  
  51  20:49  Pylon  
  43  21:13  Assimilator  
  41  21:27  Stalker  
  41  21:28  Stalker x2  
  17  22:51  Nexus  
Show
View Real Time Build Order
Export as new Build Order

Jhyrachy Zerg 

Build Orders: 3 Hatch before Pool, Lurkers 

Get SALT Encoding   

  12  0:13  Drone x2  
  14  0:17  Overlord  
  14  0:36  Drone  
  14  0:37  Drone  
  16  0:46  Drone  
  17  0:58  Drone  
  17  1:02  Hatchery  
  17  1:08  Drone  
  18  1:29  Hatchery  
  17  1:42  Spawning Pool  
  17  1:44  Extractor, Drone x2  
  17  2:03  Drone x2  
  19  2:17  Drone x2  
  19  2:18  Drone  
  22  2:28  Drone, Overlord  
  23  2:40  Queen x2  
  27  2:45  Drone x3  
  30  2:53  Drone  
  31  3:00  Queen  
  31  3:04  Drone  
  31  3:05  Drone x2  
  36  3:14  Drone  
  36  3:15  Drone x4  
  41  3:22  Lair  
  41  3:41  Drone  
  41  3:47  Overlord x3  
  42  4:03  Extractor  
  42  4:05  Queen  
  42  4:08  Drone x6  
  42  4:09  Drone x8  
  57  4:15  Extractor  
  56  4:31  Spire  
  56  4:37  Drone x2  
  56  4:38  Drone  
  58  4:44  Spore Crawler  
  54  5:14  Drone x3  
  55  5:17  Drone x4  
  55  5:20  Extractor  
  60  5:26  Evolution Chamber  
  59  5:31  Queen  
  61  5:43  Evolution Chamber  
  60  5:51  Hydralisk Den  
  60  5:53  Zerg Flyer Weapons Level 1  
  59  6:02  Drone x3  
  62  6:05  Drone x2  
  62  6:06  Drone  
  65  6:24  Zerg Missile Weapons Level 1  
  65  6:25  Zerg Ground Armor Level 1  
  65  6:31  Overlord x5  
  65  6:40  Lurker Den  
  65  6:48  Overseer  
  65  6:52  Overseer  
  65  6:54  Overlord  
  65  6:55  Overlord x2  
  65  6:58  Hydralisk  
  65  6:59  Hydralisk x7  
  81  7:04  Extractor  
  80  7:28  Drone x3  
  83  7:32  Extractor  
  83  7:33  Drone x3  
  83  7:35  Overlord x4  
  85  7:37  Pneumatized Carapace  
  85  7:47  Zerg Flyer Armor Level 1  
  85  8:12  Lurker  
  86  8:13  Lurker x5  
  91  8:24  Lurker x2  
  93  8:41  Zerg Missile Weapons Level 2  
  93  8:48  Zerg Ground Armor Level 2  
  92  9:11  Muscular Augments  
  92  9:54  Zerg Flyer Weapons Level 2  
  92  10:05  Infestation Pit  
  91  10:39  Hydralisk x4  
  91  10:40  Hydralisk x19  
  91  10:41  Hydralisk x7  
  149  11:55  Lurker  
  149  11:56  Lurker x7  
  157  12:14  Hatchery  
  144  13:42  Queen  
  144  13:47  Queen  
  148  14:33  Extractor  
  148  14:36  Extractor  
  146  14:41  Hatchery  
  143  15:09  Corruptor  
  143  15:10  Corruptor x7  
  155  15:14  Overlord x3  
  155  15:15  Overlord x7  
  155  15:19  Queen  
  85  16:04  Lair  
  78  16:25  Corruptor  
  78  16:26  Corruptor x13  
  78  16:27  Corruptor  
  78  16:32  Corruptor x2  
  108  16:33  Corruptor  
  108  16:38  Spire  
  107  17:02  Spore Crawler x2  
  107  17:03  Spore Crawler  
  107  17:04  Spore Crawler x2  
  107  17:05  Spore Crawler x2  
  107  17:07  Spore Crawler  
  107  17:08  Spore Crawler x2  
  95  17:11  Spore Crawler  
  93  17:15  Queen  
  95  17:35  Drone  
  95  17:36  Drone x13  
  109  17:50  Zerg Flyer Armor Level 2  
  109  18:08  Queen  
  96  18:44  Queen  
  96  18:48  Zergling x16  
  98  18:49  Zergling x14  
  108  19:19  Queen  
  99  19:55  Queen  
  99  20:31  Queen  
  101  20:49  Queen  
  101  20:53  Drone  
  101  20:54  Drone x6  
  110  21:25  Queen  
  112  21:49  Infestation Pit  
  111  22:01  Hatchery, Extractor, Queen  
  111  22:15  Hatchery  
  110  22:20  Extractor  
  110  22:21  Extractor  
  108  22:36  Queen  
Show
View Real Time Build Order
Export as new Build Order

Trinity Terran 

Build Orders:  

Get SALT Encoding   

  12  0:01  SCV  
  13  0:13  SCV  
  14  0:26  SCV, Supply Depot  
  15  0:42  Refinery  
  15  0:49  Barracks  
  15  0:53  SCV  
  16  1:05  SCV  
  17  1:17  SCV  
  18  1:21  Barracks  
  18  1:27  Barracks  
  18  1:29  SCV  
  19  1:38  Barracks Reactor, Supply Depot  
  19  1:52  Orbital Command  
  19  2:09  Barracks Tech Lab  
  19  2:16  Barracks Reactor  
  19  2:17  Marine  
  19  2:18  Marine  
  21  2:27  Supply Depot  
  21  2:28  SCV  
  22  2:30  Marauder  
  22  2:35  Marine  
  22  2:36  Marine  
  26  2:40  Supply Depot  
  26  2:52  Marauder  
  26  2:53  Marine x4  
  32  3:03  Supply Depot  
  32  3:05  Combat Shields  
  32  3:11  Marine x2  
  34  3:12  Marine  
  34  3:15  Marine  
  36  3:21  Marauder  
  38  3:30  Supply Depot  
  38  3:32  Marine x2  
  40  3:36  Marine  
  40  3:39  Marine  
  42  3:45  Marauder  
  44  3:55  Marine x2  
  45  3:57  Marine  
  47  4:06  Marauder  
  49  4:17  SCV  
  49  4:24  Command Center  
  47  4:38  Marine x3  
  47  4:39  Marine  
  38  5:09  SCV  
  39  5:21  SCV  
  39  5:22  Concussive Shells, Refinery  
  36  5:34  SCV  
  29  5:46  SCV  
  29  5:49  Marauder, Marine x3  
  34  5:50  Marine  
  36  5:58  SCV  
  34  6:07  Marine  
  35  6:29  Marauder, Marine x4  
  41  6:39  SCV  
  42  6:51  SCV  
  42  6:53  Engineering Bay  
  43  7:03  SCV x2  
  45  7:15  SCV x2  
  47  7:27  SCV  
  47  7:28  SCV  
  48  7:35  Missile Turret  
  48  7:37  Missile Turret  
  48  7:38  Missile Turret  
  48  7:39  SCV  
  48  7:41  Missile Turret  
  49  7:47  Marine x3  
  49  7:48  Marine  
  53  7:53  Terran Infantry Weapons Level 1  
  53  8:01  Missile Turret  
  53  8:22  Missile Turret  
  53  8:43  Planetary Fortress  
  53  8:48  Missile Turret, SCV  
  51  9:00  SCV  
  52  9:12  SCV  
  53  9:18  Refinery  
  53  9:20  Refinery  
  53  9:24  SCV  
  53  9:27  Marauder, Marine x2  
  53  9:28  Marine x2  
  60  9:31  Command Center  
  60  9:35  Factory  
  60  9:36  SCV  
  61  9:39  Engineering Bay  
  61  9:48  SCV  
  61  10:00  SCV  
  61  10:05  Engineering Bay  
  38  10:23  Marauder, Marine  
  38  10:24  Marine x3  
  38  10:27  Factory Tech Lab  
  43  10:29  Terran Infantry Armor Level 1  
  43  10:32  Armory  
  43  10:40  SCV  
  43  10:41  Marine  
  43  10:42  SCV  
  46  10:48  Building Armor  
  46  10:52  SCV  
  46  10:54  SCV  
  46  10:56  Marauder, Marine  
  52  11:04  SCV  
  52  11:06  SCV  
  50  11:27  Missile Turret  
  50  11:34  Missile Turret  
  50  11:38  Missile Turret  
  50  11:49  Marauder, Marine x4  
  56  11:58  SCV  
  57  12:07  Marine  
  58  12:10  Marauder, SCV  
  58  12:11  Marine  
  58  12:12  Marine x2  
  64  12:20  Terran Infantry Weapons Level 2  
  64  12:25  Marine  
  63  12:31  Marauder  
  59  12:53  Marauder  
  61  13:00  Marine x3  
  61  13:01  Marine  
  65  13:07  SCV  
  66  13:14  Marauder  
  66  13:18  Marine  
  69  13:28  Planetary Fortress  
  69  13:31  Missile Turret  
  69  13:34  Missile Turret  
  69  13:36  Marauder  
  56  14:22  Starport  
  56  14:23  Starport  
  51  14:24  Starport  
  51  14:28  Missile Turret  
  51  14:29  Missile Turret  
  51  14:30  Missile Turret x2  
  49  14:31  Missile Turret, SCV  
  49  14:33  Missile Turret  
  49  14:37  Marine  
  49  14:38  Marine x4  
  54  14:43  SCV  
  54  14:45  Hi-Sec Auto Tracking  
  56  14:47  Missile Turret  
  56  14:50  Terran Vehicle And Ship Armor Level 1  
  56  14:55  Marine  
  56  14:56  SCV  
  58  15:06  Starport Reactor  
  58  15:07  Starport Reactor x2  
  58  15:08  SCV  
  58  15:09  Marine  
  58  15:10  Marine x2  
  57  15:22  Missile Turret  
  43  15:45  Viking x5  
  43  15:46  Viking  
  48  15:56  SCV  
  49  16:08  SCV  
  50  16:15  Viking x3  
  56  16:20  SCV  
  56  16:21  SCV  
  58  16:32  SCV, Viking x3  
  65  16:45  SCV  
  65  16:47  Viking x2  
  69  16:57  SCV  
  69  17:09  SCV  
  55  17:21  SCV  
  34  17:49  Marine x3  
  34  17:50  Marine  
  37  18:03  SCV  
  38  18:15  SCV  
  39  18:28  SCV  
  40  18:37  Starport  
  40  18:40  Starport, SCV  
  40  18:41  Starport  
  41  18:52  SCV  
  41  19:02  Refinery, SCV  
  42  19:03  Refinery  
  42  19:14  SCV  
  42  19:16  Armory  
  43  19:18  Starport Tech Lab x3  
  43  19:24  Liberator  
  40  19:25  SCV  
  40  19:26  Armory  
  40  19:27  Fusion Core  
  40  19:28  Missile Turret  
  40  19:29  Missile Turret  
  41  19:31  Missile Turret  
  41  19:33  Missile Turret  
  41  19:38  SCV  
  42  19:40  Fusion Core  
  42  19:42  Raven  
  42  19:43  Viking  
  49  19:58  SCV  
  50  20:02  Missile Turret  
  50  20:07  Missile Turret  
  50  20:10  SCV  
  51  20:22  SCV  
  51  20:23  Battlecruiser  
  51  20:25  Battlecruiser  
  51  20:26  Battlecruiser  
  51  20:28  Behemoth Reactor  
  70  20:32  Terran Ship Weapons Level 1  
  67  20:58  Weapon Refit  
  67  21:07  Supply Depot  
  67  21:09  Supply Depot  
  67  21:13  Supply Depot  
  67  21:27  Battlecruiser  
  67  21:29  Battlecruiser, Supply Depot  
  67  21:30  Battlecruiser  
  84  21:33  Supply Depot  
  84  21:35  Supply Depot  
  63  22:32  Battlecruiser  
  63  22:36  Battlecruiser  
Show
View Real Time Build Order
Export as new Build Order

Bala Protoss 

Build Orders: Oracle Opening 

Get SALT Encoding   

  12  0:01  Probe (Chrono Boost)  
  13  0:16  Pylon  
  13  0:19  Probe (Chrono Boost)  
  14  0:32  Probe (Chrono Boost)  
  15  0:43  Gateway  
  15  0:49  Probe (Chrono Boost)  
  16  0:50  Assimilator  
  16  1:00  Probe (Chrono Boost)  
  16  1:04  Forge  
  17  1:11  Probe (Chrono Boost)  
  18  1:13  Assimilator  
  18  1:33  Cybernetics Core  
  18  1:38  Photon Cannon  
  18  1:43  Pylon  
  18  1:45  Probe (Chrono Boost)  
  19  1:55  Probe (Chrono Boost)  
  20  2:04  Photon Cannon  
  20  2:20  Stargate  
  20  2:24  Probe (Chrono Boost)  
  21  2:35  Probe (Chrono Boost)  
  22  2:38  Stargate  
  22  2:43  Zealot  
  24  3:05  Oracle (Chrono Boost)  
  27  3:31  Oracle (Chrono Boost)  
  30  3:38  Nexus  
  30  3:52  Pylon  
  30  3:58  Protoss Air Weapons Level 1  
  24  5:00  Probe  
  24  5:01  Void Ray (Chrono Boost)  
  33  5:07  Void Ray (Chrono Boost)  
  33  5:11  Probe, Pylon  
  34  5:21  Probe  
  35  5:32  Probe  
  35  5:33  Photon Cannon  
  35  5:35  Photon Cannon  
  36  5:37  Photon Cannon  
  36  5:40  Pylon  
  36  5:43  Probe  
  41  5:53  Probe  
  41  5:55  Void Ray (Chrono Boost)  
  42  5:59  Protoss Shields Level 1  
  42  6:07  Void Ray (Chrono Boost)  
  42  6:09  Probe  
  47  6:18  Photon Cannon  
  47  6:19  Probe  
  48  6:30  Probe  
  53  6:40  Void Ray (Chrono Boost)  
  53  6:42  Assimilator  
  53  6:45  Assimilator, Probe  
  54  7:27  Probe  
  55  7:37  Probe  
  56  7:48  Probe, Void Ray (Chrono Boost)  
  65  7:53  Void Ray (Chrono Boost)  
  53  9:05  Probe  
  54  9:10  Void Ray (Chrono Boost)  
  54  9:14  Stargate  
  54  9:16  Probe, Void Ray (Chrono Boost)  
  58  9:17  Fleet Beacon  
  59  9:26  Probe  
  59  9:29  Pylon  
  60  9:37  Probe  
  61  9:47  Probe  
  62  9:54  Void Ray (Chrono Boost)  
  62  9:58  Probe  
  62  9:59  Void Ray (Chrono Boost)  
  71  10:32  Probe  
  72  10:45  Nexus  
  72  10:47  Assimilator  
  76  10:50  Assimilator  
  76  10:54  Void Ray (Chrono Boost), Pylon  
  76  10:56  Pylon  
  76  10:58  Pylon  
  76  11:00  Twilight Council  
  76  11:02  Protoss Air Weapons Level 2  
  76  11:13  Void Ray (Chrono Boost)  
  84  11:18  Void Ray (Chrono Boost)  
  68  11:50  Void Ray (Chrono Boost)  
  68  11:52  Void Ray (Chrono Boost)  
  72  11:56  Probe  
  77  12:01  Void Ray (Chrono Boost)  
  77  12:02  Photon Cannon  
  77  12:07  Probe, Photon Cannon  
  77  12:09  Photon Cannon  
  77  12:12  Photon Cannon  
  77  12:15  Photon Cannon  
  78  12:17  Probe  
  78  12:18  Pylon  
  78  12:21  Photon Cannon  
  79  12:27  Photon Cannon  
  79  12:28  Probe  
  80  12:39  Probe  
  80  12:43  Void Ray (Chrono Boost)  
  93  12:46  Protoss Shields Level 2  
  93  12:49  Void Ray x2 (Chrono Boost)  
  93  13:18  Protoss Air Armor Level 1  
  93  13:38  Pylon  
  93  13:48  Mothership Core  
  95  13:57  Stargate  
  95  14:13  Photon Cannon  
  95  14:17  Photon Cannon  
  95  14:28  Void Ray (Chrono Boost)  
  113  14:33  Void Ray (Chrono Boost)  
  113  14:34  Void Ray (Chrono Boost)  
  89  15:37  Void Ray (Chrono Boost)  
  105  15:43  Void Ray x3 (Chrono Boost)  
  97  16:25  Void Ray (Chrono Boost)  
  97  16:26  Void Ray (Chrono Boost)  
  89  16:53  Void Ray (Chrono Boost)  
  97  16:58  Void Ray (Chrono Boost)  
  97  17:06  Pylon  
  101  17:08  Void Ray (Chrono Boost)  
  105  17:24  Void Ray (Chrono Boost)  
  109  17:30  Void Ray (Chrono Boost)  
  109  17:32  Photon Cannon  
  109  17:35  Photon Cannon  
  109  17:36  Photon Cannon  
  113  17:41  Void Ray (Chrono Boost)  
  117  17:51  Void Ray (Chrono Boost)  
  117  18:05  Protoss Shields Level 3  
  121  18:07  Void Ray (Chrono Boost)  
  121  18:45  Void Ray (Chrono Boost)  
  133  18:50  Void Ray x2 (Chrono Boost)  
  133  18:59  Photon Cannon  
  133  19:00  Photon Cannon  
  133  19:02  Photon Cannon  
  133  19:05  Photon Cannon  
  133  19:07  Photon Cannon x2  
  133  19:10  Photon Cannon  
  133  19:12  Photon Cannon  
  133  19:16  Photon Cannon  
  133  19:17  Photon Cannon  
  133  19:18  Photon Cannon  
  133  19:22  Pylon  
  133  19:25  Pylon  
  133  19:27  Pylon  
  117  20:17  Void Ray (Chrono Boost)  
  117  20:19  Probe  
  134  20:22  Void Ray x2 (Chrono Boost)  
  134  20:23  Void Ray (Chrono Boost)  
  134  20:30  Probe  
  135  20:40  Probe  
  136  20:51  Probe  
  136  20:54  Void Ray (Chrono Boost)  
  141  21:01  Probe  
  150  21:05  Void Ray x2 (Chrono Boost)  
  154  21:31  Void Ray x2 (Chrono Boost)  
  162  21:48  Void Ray (Chrono Boost)  
Show
View Real Time Build Order
Export as new Build Order

FIRST Protoss 

Build Orders:  

Get SALT Encoding   

  12  0:02  Probe (Chrono Boost)  
  13  0:13  Probe (Chrono Boost)  
  14  0:23  Probe (Chrono Boost), Pylon  
  15  0:41  Probe (Chrono Boost)  
  16  0:47  Forge  
  16  0:52  Probe (Chrono Boost)  
  17  1:03  Probe (Chrono Boost), Gateway  
  18  1:09  Gateway  
  18  1:14  Probe (Chrono Boost)  
  19  1:25  Probe (Chrono Boost)  
  20  1:28  Photon Cannon  
  20  1:34  Pylon  
  20  1:36  Probe (Chrono Boost)  
  21  1:46  Probe (Chrono Boost)  
  22  1:54  Photon Cannon  
  22  2:01  Assimilator  
  22  2:05  Probe (Chrono Boost)  
  22  2:06  Assimilator  
  23  2:14  Cybernetics Core  
  23  2:16  Probe (Chrono Boost)  
  24  2:26  Probe (Chrono Boost)  
  26  2:37  Probe (Chrono Boost)  
  26  2:47  Probe (Chrono Boost)  
  27  2:56  Nexus, Warp Gate  
  27  2:58  Probe (Chrono Boost), Stalker (Chrono Boost)  
  30  3:13  Pylon  
  30  3:20  Pylon  
  30  3:31  Stalker (Chrono Boost)  
  34  3:35  Stalker (Chrono Boost)  
  34  3:46  Gateway  
  34  3:49  Protoss Ground Weapons Level 1  
  34  4:01  Pylon  
  34  4:03  Pylon  
  34  4:11  Stalker (Chrono Boost)  
  34  4:15  Stalker (Chrono Boost)  
  34  4:16  Probe  
  39  4:22  Assimilator  
  39  4:26  Probe  
  39  4:29  Probe  
  41  4:35  Assimilator  
  41  4:37  Probe  
  41  4:41  Probe  
  43  4:47  Probe  
  43  4:49  Photon Cannon  
  44  4:53  Probe  
  44  4:54  Photon Cannon  
  44  4:58  Probe  
  46  5:06  Photon Cannon  
  46  5:08  Probe  
  46  5:09  Photon Cannon  
  47  5:59  Stalker x2  
  47  6:01  Stalker  
  47  6:02  Gateway  
  53  6:30  Pylon  
  53  6:39  Gateway  
  53  6:41  Protoss Ground Armor Level 1  
  53  6:45  Twilight Council  
  53  6:49  Gateway  
  53  6:55  Gateway  
  53  6:58  Stalker x2  
  53  6:59  Stalker  
  59  7:11  Gateway  
  59  7:13  Pylon  
  59  7:15  Pylon  
  59  7:22  Probe  
  60  7:32  Probe  
  61  7:50  Blink  
  61  7:56  Stalker x2  
  61  7:57  Stalker x4  
  61  7:58  Stalker  
  51  8:35  Protoss Ground Weapons Level 2  
  41  8:48  Stalker x3  
  43  8:49  Stalker x2  
  43  8:50  Stalker x2  
  39  9:47  Stalker x4  
  39  9:48  Stalker x4  
  55  10:34  Stalker x3  
  55  10:35  Stalker x2  
  65  10:36  Stalker x3  
  71  10:50  Protoss Ground Armor Level 2  
  71  10:56  Stalker  
  73  10:58  Stalker x2  
  73  10:59  Stalker x2  
  73  11:00  Stalker x3  
  87  11:28  Stalker x2  
  87  11:29  Stalker x2  
  87  11:30  Stalker  
  87  11:31  Stalker  
  87  11:32  Stalker  
  101  11:38  Nexus  
  101  12:13  Pylon  
  101  12:15  Pylon  
  39  13:02  Stalker x2  
  39  13:03  Stalker x2  
  39  13:04  Stalker x3  
  39  13:05  Stalker  
  55  13:26  Assimilator  
  55  13:28  Probe  
  56  13:35  Assimilator  
  56  13:38  Probe  
  57  13:49  Probe  
  58  13:59  Probe  
  58  14:02  Stalker  
  61  14:03  Stalker x3  
  61  14:04  Stalker  
  69  14:10  Probe  
  64  14:43  Stalker x4  
  64  14:44  Stalker x3  
  46  15:38  Pylon  
  46  16:05  Robotics Facility  
  46  16:09  Stargate  
  46  16:12  Stargate  
  46  16:18  Protoss Ground Weapons Level 3 (Chrono Boost)  
  46  16:22  Stalker x2  
  46  16:23  Stalker x2  
  46  16:24  Stalker x3  
  46  16:25  Stalker  
  62  16:48  Stalker  
  62  16:49  Stalker x3  
  62  16:50  Stalker  
  62  16:51  Stalker  
  62  16:52  Stalker x2  
  78  16:57  Void Ray x2  
  86  18:06  Stalker  
  86  18:07  Stalker x4  
  86  18:08  Stalker x2  
  86  18:09  Stalker  
  102  18:41  Protoss Ground Armor Level 3 (Chrono Boost)  
  58  19:24  Stalker  
  58  19:25  Stalker x2  
  58  19:26  Stalker x2  
  58  19:27  Stalker x3  
  74  19:35  Void Ray x2  
  82  20:08  Stalker  
  82  20:09  Stalker x3  
  82  20:10  Stalker x4  
  98  20:15  Observer  
  98  20:18  Void Ray x2  
  107  20:36  Observer  
  107  20:41  Stalker x2  
  107  20:42  Stalker x2  
Show
View Real Time Build Order
Export as new Build Order

Drakmore Protoss 

Build Orders:  

Get SALT Encoding   

  13  0:07  Probe (Chrono Boost)  
  13  0:18  Probe (Chrono Boost)  
  14  0:28  Probe (Chrono Boost)  
  15  0:52  Pylon  
  15  1:10  Probe (Chrono Boost)  
  16  1:11  Assimilator  
  16  1:21  Probe (Chrono Boost)  
  17  1:31  Probe (Chrono Boost)  
  18  1:39  Nexus, Gateway  
  18  1:42  Probe (Chrono Boost)  
  19  1:49  Pylon  
  19  1:52  Probe (Chrono Boost)  
  20  2:01  Assimilator  
  20  2:05  Forge  
  20  2:35  Probe (Chrono Boost)  
  21  2:44  Photon Cannon  
  21  2:46  Probe (Chrono Boost)  
  21  2:47  Photon Cannon  
  21  2:49  Photon Cannon  
  22  2:56  Probe (Chrono Boost)  
  23  2:59  Probe (Chrono Boost)  
  24  3:09  Probe (Chrono Boost)  
  25  3:18  Photon Cannon  
  26  3:20  Probe (Chrono Boost)  
  26  3:26  Photon Cannon  
  26  3:30  Probe (Chrono Boost)  
  26  3:31  Probe (Chrono Boost)  
  28  3:41  Probe x2 (Chrono Boost)  
  30  3:51  Probe (Chrono Boost)  
  30  3:52  Probe (Chrono Boost)  
  32  4:02  Probe (Chrono Boost)  
  34  4:03  Probe (Chrono Boost)  
  34  4:06  Cybernetics Core  
  34  4:12  Probe (Chrono Boost)  
  34  4:13  Cybernetics Core, Probe (Chrono Boost)  
  36  4:23  Probe (Chrono Boost)  
  37  4:33  Assimilator x2, Probe (Chrono Boost)  
  38  4:39  Probe (Chrono Boost)  
  38  4:44  Probe (Chrono Boost)  
  40  4:50  Probe (Chrono Boost)  
  41  4:55  Probe (Chrono Boost)  
  41  4:58  Photon Cannon  
  41  4:59  Photon Cannon  
  42  5:00  Probe (Chrono Boost)  
  42  5:05  Probe (Chrono Boost)  
  44  5:11  Probe (Chrono Boost)  
  45  5:16  Probe (Chrono Boost)  
  46  5:32  Pylon x2  
  46  5:34  Pylon  
  46  5:41  Stargate x2  
  46  5:43  Stargate  
  46  5:50  Probe (Chrono Boost)  
  47  6:24  Nexus  
  47  6:37  Void Ray x2  
  47  6:38  Void Ray  
  59  6:44  Protoss Air Weapons Level 1  
  59  6:45  Protoss Air Armor Level 1  
  59  6:55  Assimilator  
  59  6:59  Assimilator  
  59  7:16  Stargate x2  
  59  7:20  Void Ray x2  
  67  7:35  Void Ray  
  71  7:41  Probe (Chrono Boost)  
  72  7:52  Probe (Chrono Boost)  
  72  7:54  Fleet Beacon  
  73  8:24  Probe (Chrono Boost)  
  74  8:35  Probe (Chrono Boost)  
  74  8:40  Carrier  
  81  9:02  Pylon  
  81  9:03  Pylon  
  81  9:05  Pylon  
  81  9:06  Pylon  
  81  9:07  Pylon  
  81  9:11  Pylon x2  
  81  9:13  Pylon  
  81  9:20  Carrier x3  
  81  9:22  Carrier  
  105  9:55  Graviton Catapult  
  105  9:58  Protoss Air Armor Level 2, Protoss Air Weapons Level 2  
  105  10:28  Carrier  
  111  10:46  Carrier x3  
  129  10:51  Carrier  
  135  12:19  Carrier  
  135  12:20  Carrier  
  147  12:28  Pylon  
  147  12:30  Pylon  
  147  12:38  Protoss Air Weapons Level 3  
  147  12:40  Protoss Air Armor Level 3  
  147  12:46  Carrier  
  147  12:47  Carrier x2  
  165  13:13  Pylon  
  165  13:14  Pylon  
  165  13:16  Pylon  
  165  13:17  Pylon  
  165  13:52  Mothership Core (Chrono Boost)  
  58  18:47  Void Ray x5  
  72  19:29  Void Ray  
  72  19:30  Void Ray x4  
  92  20:12  Void Ray x3  
  92  20:13  Void Ray x2  
  112  20:41  Robotics Facility  
  112  20:58  Void Ray x3  
  112  20:59  Void Ray  
  128  21:38  Observer  
  129  21:59  Observer  
  130  22:21  Nexus, Observer  
  131  22:42  Observer  
Show
View Real Time Build Order
Export as new Build Order

snowkitesurf Terran 

Build Orders: Mech 

Get SALT Encoding   

  12  0:15  SCV  
  12  0:20  Supply Depot  
  13  0:27  SCV  
  14  0:39  SCV  
  15  0:51  SCV  
  16  1:03  SCV  
  17  1:14  Barracks  
  17  1:16  Barracks  
  17  1:17  Barracks  
  17  1:24  SCV  
  18  1:27  Refinery  
  18  1:29  Refinery  
  18  1:38  SCV  
  19  1:51  SCV  
  20  2:06  Orbital Command, Supply Depot  
  20  2:07  Marine  
  20  2:08  Marine  
  22  2:12  Marine  
  23  2:29  Marine x2  
  25  2:40  Factory  
  25  2:41  SCV  
  26  2:46  Barracks Reactor  
  26  2:52  Barracks Reactor  
  26  2:53  SCV  
  26  2:55  Barracks Tech Lab  
  27  3:09  SCV  
  27  3:10  Factory  
  28  3:21  SCV  
  28  3:24  Supply Depot  
  29  3:43  Widow Mine x2  
  33  3:55  Barracks Tech Lab  
  33  4:01  Barracks Reactor  
  33  4:08  Combat Shields  
  33  4:13  Factory  
  33  4:21  Widow Mine x2  
  33  5:43  Factory Tech Lab  
  33  5:46  Widow Mine x3  
  33  5:47  Widow Mine  
  39  6:15  Widow Mine x2  
  43  7:02  Armory  
  43  7:06  Engineering Bay  
  43  7:15  Command Center, Marine x4  
  47  7:33  Marine x4  
  51  7:37  Siege Tank  
  54  7:50  Marine  
  55  7:52  Supply Depot  
  55  7:58  Hi-Sec Auto Tracking  
  55  8:00  Terran Vehicle Weapons Level 1  
  55  8:13  Widow Mine x2, Marine x4  
  55  8:14  Supply Depot  
  63  8:23  Widow Mine  
  63  8:25  Widow Mine  
  63  8:27  Siege Tank  
  66  8:31  Marine x3  
  68  8:36  Supply Depot  
  62  8:42  Widow Mine  
  56  8:52  Widow Mine  
  58  8:59  Siege Tank  
  26  10:27  Thor  
  32  10:28  Widow Mine x2  
  32  10:29  Widow Mine x2  
  32  10:34  Drilling Claws  
  40  10:43  Marine x4  
  44  10:55  Terran Infantry Weapons Level 1  
  44  10:57  Widow Mine x4  
  44  10:58  Terran Vehicle And Ship Armor Level 1  
  44  11:01  Marine x4  
  56  11:10  Thor  
  62  11:19  Marine x4  
  66  11:31  Planetary Fortress  
  66  11:34  Refinery  
  66  11:36  Marine  
  24  13:00  Widow Mine x4  
  24  13:01  Widow Mine  
  34  13:12  Marine x4  
  38  13:23  Refinery  
  38  13:28  Widow Mine  
  38  13:29  Thor  
  38  13:30  Marine x4  
  50  13:47  Marine  
  50  13:48  Marine x3  
  52  14:08  Missile Turret  
  48  14:16  Building Armor  
  48  14:34  Terran Vehicle Weapons Level 2  
  48  14:41  SCV  
  23  15:38  Widow Mine x3  
  23  15:39  Widow Mine x2  
  33  16:06  Widow Mine, Starport  
  33  16:07  Widow Mine x3  
  41  16:26  Thor  
  45  17:09  Thor  
  43  17:27  Starport Tech Lab  
  43  17:34  Widow Mine x4  
  51  17:38  Marine x3  
  51  17:39  Marine  
  55  17:52  Thor  
  55  17:56  Marine x2  
  25  20:56  Raven  
  27  21:10  Command Center  
  6  21:47  Widow Mine x5  
  6  21:51  Marine x4  
  19  22:09  Marine x4  
  19  22:15  Widow Mine x3  
  29  22:26  Marine x2  
  29  22:27  Marine x2  
Tags
 
Add a new tag
Caveats
  • Supply blocks, unpowered buildings, or Contaminate may cause inaccurate times.
  • Supply counts are checked every 10 seconds.